 Dungeon Crawl Stone Soup version 0.21.1-1-g345015f (webtiles) character file.

6083 glosham the Grappler (level 10, 0/55 HPs)
             Began as a Vine Stalker Hunter on June 3, 2018.
             Was an Elder of Cheibriados.
             Succumbed to kobold's curare-tipped needle
             ... on level 9 of the Dungeon.
             The game lasted 01:32:32 (5268 turns).

glosham the Grappler (Vine Stalker Hunter)          Turns: 5268, Time: 01:32:33

Health: 0/55       AC: 15    Str: 33    XL:     10   Next: 88%
Magic:  11/11      EV: 11    Int: 24    God:    Cheibriados [****..]
Gold:   294        SH:  0    Dex: 24    Spells: 5/9 levels left

rFire    . . .     SeeInvis .     - Unarmed
rCold    . . .     Gourm    .   (no shield)
rNeg     . . .     Faith    .   X - +1 scale mail {MR+}
rPois    .         Spirit   +   U - +2 helmet
rElec    .         Reflect  .   Y - +2 cloak
rCorr    .         Harm     .   (no gloves)
MR       ++...                  W - +0 pair of boots
Stlth    +.........             (no amulet)
HPRegen  0.58/turn              A - +2 ring of strength
MPRegen  0.12/turn              (no ring)

@: mighty, lethally poisoned (0 -> -4), flying, very slightly contaminated,
slowed, invisible, very slow
A: fangs 3, regeneration 1, magic shield, antimagic bite, no potion heal 3, rot
immunity
a: Bend Time, Temporal Distortion, Slouch, Renounce Religion


You were on level 9 of the Dungeon.
You worshipped Cheibriados.
Cheibriados was greatly pleased with you.
You were hungry.

You visited 2 branches of the dungeon, and saw 10 of its levels.

You collected 494 gold pieces.
You spent 200 gold pieces at shops.

Inventory:

Hand Weapons
 b - a +4 hand crossbow
Missiles
 c - 5 javelins (quivered)
 d - 54 bolts
 h - 8 curare-tipped needles
Armour
 z - a +2 scale mail of cold resistance
 U - a +2 helmet (worn)
 W - a +0 pair of boots (worn)
 X - a +1 scale mail of magic resistance (worn)
 Y - a +2 cloak (worn)
Jewellery
 A - a +2 ring of strength (left hand)
Wands
 l - a wand of flame (13)
 m - a wand of polymorph (16)
 y - a wand of paralysis (5)
Scrolls
 g - 2 scrolls of immolation
 i - a scroll of remove curse
 t - a scroll of amnesia
 w - a scroll of teleportation
Potions
 f - 2 potions of agility
 k - a potion of cancellation
 p - 2 potions of might
 s - 2 potions of resistance
 u - a potion of lignification
 v - a potion of brilliance {unknown}
 x - a potion of ambrosia {unknown}
Books
 j - a book of Cantrips

   Spells                             Type                      Level
   a - Confusing Touch                Hexes                        1
   b - Animate Skeleton               Necromancy                   1
   c - Summon Small Mammal            Summoning                    1
   d - Apportation                    Translocation                1
 n - a book of Minor Magic

   Spells                             Type                      Level
   a - Magic Dart                     Conjuration                  1
   b - Blink                          Translocation                2
   c - Call Imp                       Summoning                    2
   d - Slow                           Hexes                        2
   e - Conjure Flame                  Conjuration/Fire             3
   f - Mephitic Cloud                 Conjuration/Poison/Air       3
 o - a book of Conjurations

   Spells                             Type                      Level
   a - Magic Dart                     Conjuration                  1
   b - Searing Ray                    Conjuration                  2
   c - Dazzling Spray                 Conjuration/Hexes            3
   d - Fulminant Prism                Conjuration/Hexes            4
   e - Force Lance                    Conjuration/Translocation    4
   f - Iskenderun's Mystic Blast      Conjuration                  4
Comestibles
 a - 17 rations


   Skills:
 + Level 7.3 Fighting
 - Level 3.6 Crossbows
 - Level 3.0 Armour
 - Level 1.5 Dodging
 - Level 1.2 Stealth
 * Level 13.0 Unarmed Combat


You had 5 spell levels left.
You knew the following spells:

 Your Spells              Type           Power        Failure   Level  Hunger
a - Apportation           Tloc           #.....       28%         1    ##.....
b - Blink                 Tloc           N/A          38%         2    ###....
c - Confusing Touch       Hex            #.....       28%         1    ##.....


Dungeon Overview and Level Annotations

Branches:
Dungeon (9/15)             Temple (1/1) D:6
   Lair: D:8-11         Orc: D:9-12

Altars:
Ashenzari
Cheibriados
Elyvilon
Fedhas
Gozag
Hepliaklqana
Kikubaaqudgha
Makhleb
Nemelex Xobeh
Okawaru
Qazlal
Ru
Sif Muna
Trog
Uskayaw
Wu Jian
Xom
Yredelemnul
Zin
The Shining One

Shops:
D:4 }   D:6 :


Innate Abilities, Weirdness & Mutations

You have razor-sharp teeth.
Your natural rate of healing is unusually fast.
When hurt, damage is shared between your health and your magic reserves.
Your bite disrupts and absorbs the magic of your enemies.
Potions cannot restore your health.
You are immune to rotting.


Message History

The curare-tipped needle hits you.
You are more poisoned.
You have difficulty breathing.
* * * LOW HITPOINT WARNING * * *
You feel as though you will be slow longer.
There is an open door here.
Things that are here:
2 curare-tipped needles; a kobold corpse You catch the helpless big kobold completely off-guard!
You pummel the big kobold!!
You kill the big kobold!
Cheibriados appreciates the change of pace.
Your Unarmed Combat skill increases to level 13!
* * * LOW HITPOINT WARNING * * *
You feel sick.
The bullfrog hits you but does no damage.
The bullfrog releases a deep croak.
The bullfrog hits you but does no damage.
The kobold throws a stone.
The stone barely misses you.
The kobold shoots a curare-tipped needle.
The curare-tipped needle barely misses you.
* * * LOW HITPOINT WARNING * * *
You feel very sick.
The bullfrog barely misses you. x2; The kobold barely misses you.
The kobold closely misses you. The bullfrog hits you.
* * * LOW HITPOINT WARNING * * *
The kobold hits you but does no damage. x2; The bullfrog closely misses you.
Items here: (( ) † a club; a stone; a curare-tipped needle; a big kobold corpse Unknown command.
It was a potion of flight.
You feel very buoyant.
You fly up into the air.
* * * LOW HITPOINT WARNING * * *
You feel sick.
The bullfrog hits you but does no damage.
The kobold closely misses you. x2; The bullfrog closely misses you.
The kobold completely misses you. The kobold hits you but does no damage.
It was a potion of magic.
Magic courses through your body.
You die...

# . ##. ..
##..
$..##..#####
.......#..(#
.......#.<.#
#####.'†[.#
#.K@(.#...#
#.KF#.#...#
+..h#[#.....
#...#[#.####.#
#...#...# ..
#...#=..# .
#####...#
..... ####.#.


You could see a bullfrog, a jackal and 2 kobolds.

Vanquished Creatures
  An unseen horror (D:9)
  The ghost of Monsterracer the Chopper, a novice DDFi (D:6)
  2 trolls (D:9)
  A wyvern (D:8)
  A wraith (D:8)
  4 yaks (D:8)
  A spriggan (D:8)
  2 water moccasins
  An acid dragon (D:9)
  A porcupine (D:6)
  An ice beast (D:6)
  An orc warrior (D:9)
  A sky beast (D:7)
  A black bear (D:7)
  A phantom (D:7)
  A necrophage (D:7)
  5 ogres
  5 centaurs
  A big kobold (D:9)
  3 bullfrogs (D:8)
  A wyvern skeleton (D:6)
  A water moccasin skeleton (D:4)
  4 killer bees (D:8)
  A howler monkey (D:5)
  2 crimson imps
  A gnoll shaman (D:7)
  7 hounds
  6 orc wizards
  2 orc priests
  3 bullfrog skeletons
  Natasha (twice) (D:4)
  2 iguanas
  8 worker ants
  A hound zombie (D:5)
  2 hound skeletons (D:8)
  Robin (D:3)
  16 adders
  9 gnolls (D:7)
  3 shadow imps
  An ooze (D:3)
  An adder zombie (D:3)
  An adder skeleton (D:4)
  3 worms
  A dart slug (D:2)
  6 leopard geckos
  27 orcs
  3 ball pythons
  3 giant cockroaches
  6 hobgoblins
  3 jackals
  5 kobolds
  A quokka (D:3)
  11 bats
  4 frilled lizards
  11 goblins
  2 leopard gecko skeletons
  3 rats
199 creatures vanquished.

Vanquished Creatures (others)
  A jackal (D:9)
  A kobold (D:9)
2 creatures vanquished.

Grand Total: 201 creatures vanquished

Notes
Turn   | Place    | Note
-------+----------+-------------------------------------------
     0 | D:1      | glosham the Vine Stalker Hunter began the quest for the Orb.
     0 | D:1      | Reached XP level 1. HP: 11/11 MP: 2/2
   111 | D:2      | Found a glowing golden altar of the Shining One.
   134 | D:4      | Reached skill level 2 in Fighting
   134 | D:4      | Reached skill level 2 in Unarmed Combat
   134 | D:4      | Reached XP level 2. HP: 4/16 MP: 1/3
   134 | D:4      | Reached XP level 3. HP: 5/19 MP: 1/4
   207 | D:4      | Gained mutation: Your natural rate of healing is unusually fast. [Vine Stalker growth]
   207 | D:4      | Reached XP level 4. HP: 11/23 MP: 5/5
   230 | D:4      | Reached skill level 3 in Unarmed Combat
   313 | D:4      | Reached XP level 5. HP: 28/28 MP: 6/6
   319 | D:4      | Reached skill level 3 in Fighting
   359 | D:4      | Found a burning altar of Makhleb.
   364 | D:4      | Reached skill level 4 in Unarmed Combat
   416 | D:4      | Found a deep blue altar of Sif Muna.
   456 | D:4      | Reached XP level 6. HP: 24/32 MP: 7/7
   502 | D:4      | Noticed Natasha
   519 | D:4      | Killed Natasha
   519 | D:4      | Reached skill level 5 in Unarmed Combat
   862 | D:4      | Found Salaoxtyrch's Gadget Shoppe.
   921 | D:4      | Noticed Natasha
   931 | D:4      | Killed Natasha
   936 | D:4      | Reached skill level 6 in Unarmed Combat
   943 | D:5      | Entered Level 5 of the Dungeon
  1038 | D:5      | Reached XP level 7. HP: 18/36 MP: 4/8
  1143 | D:5      | Reached skill level 7 in Unarmed Combat
  1372 | D:5      | Reached skill level 8 in Unarmed Combat
  1469 | D:5      | Gained mutation: You have razor-sharp teeth. [Vine Stalker growth]
  1469 | D:5      | Reached XP level 8. HP: 38/40 MP: 9/9
  1726 | D:6      | Reached skill level 1 in Armour
  1748 | D:6      | Noticed Monsterracer's ghost (novice DDFi)
  1770 | D:6      | Reached skill level 2 in Armour
  1785 | D:6      | Reached skill level 3 in Armour
  1809 | D:6      | Found Coimuaw's Book Emporium.
  1831 | D:6      | Found a runed door.
  1835 | D:6      | Noticed Crazy Yiuf
  1836 | D:6      | Noticed Crazy Yiuf
  1836 | D:6      | Crazy Yiuf changed into Crazy Yiuf the porcupine
  1843 | D:6      | Killed Crazy Yiuf the porcupine
  1883 | D:6      | Reached skill level 9 in Unarmed Combat
  1896 | D:6      | Noticed Sigmund
  1898 | D:6      | Noticed Sigmund
  1898 | D:6      | Sigmund changed into Sigmund the centaur
  1903 | D:6      | Killed Sigmund the centaur
  2030 | D:6      | Killed Monsterracer's ghost
  2030 | D:6      | Reached skill level 4 in Fighting
  2030 | D:6      | Reached skill level 10 in Unarmed Combat
  2030 | D:6      | Reached XP level 9. HP: 46/46 MP: 8/10
  2058 | D:6      | Found a staircase to the Ecumenical Temple.
  2065 | Temple   | Entered the Ecumenical Temple
  2561 | D:2      | Found a snail-covered altar of Cheibriados.
  2569 | D:2      | Became a worshipper of Cheibriados the Contemplative
  2861 | D:1      | Reached * piety under Cheibriados
  3432 | D:3      | Found a stormy altar of Qazlal.
  3493 | D:3      | Noticed Robin
  3503 | D:3      | Killed Robin
  3697 | D:3      | Reached ** piety under Cheibriados
  3837 | D:3      | Found a sacrificial altar of Ru.
  3972 | D:6      | Bought a book of Cantrips for 200 gold pieces
  3974 | D:6      | Learned a level 1 spell: Apportation
  3976 | D:6      | Learned a level 1 spell: Confusing Touch
  3979 | D:6      | Learned a level 2 spell: Blink
  4116 | D:7      | Reached skill level 5 in Fighting
  4176 | D:7      | Found a glowing silver altar of Zin.
  4177 | D:7      | Found an opulent altar of Gozag.
  4231 | D:7      | Found a sparkling altar of Nemelex Xobeh.
  4428 | D:7      | Reached skill level 11 in Unarmed Combat
  4453 | D:7      | Reached *** piety under Cheibriados
  4509 | D:8      | Found an ornate altar of the Wu Jian Council.
  4624 | D:8      | Reached XP level 10. HP: 44/53 MP: 11/11
  4767 | D:8      | Reached skill level 6 in Fighting
  4923 | D:8      | Found a shattered altar of Ashenzari.
  4924 | D:8      | Found a blossoming altar of Fedhas.
  5025 | D:8      | Reached **** piety under Cheibriados
  5040 | D:8      | Reached skill level 12 in Unarmed Combat
  5226 | D:9      | Killed an unseen horror
  5230 | D:9      | Reached skill level 7 in Fighting
  5265 | D:9      | Reached skill level 13 in Unarmed Combat
  5266 | D:9      | HP: 5/55 [poisoned by kobold (curare-tipped needle)]
  5266 | D:9      | HP: 2/55 [bullfrog (3)]
  5268 | D:9      | Succumbed to kobold's curare-tipped needle

Skill      XL: |  1  2  3  4  5  6  7  8  9 10 |
---------------+-------------------------------+-----
Fighting       | 2 3 4 5 7 |  7.3
Unarmed Combat | 2 3 4 6 8 10 11 13 | 13.0
Armour         | 3 |  3.0
Crossbows      | |  3.6
Dodging        | |  1.5
Stealth        | |  1.2

Action                   |  1- 3 |  4- 6 |  7- 9 | 10-12 || total
-------------------------+-------+-------+-------+-------++-------
Melee: Short sword       |    12 |     5 |       |       ||    17
       Bite              |     3 |    33 |   121 |    37 ||   194
       Punch             |       |     4 |    12 |    10 ||    26
       Unarmed           |       |    90 |   373 |    75 ||   538
 Fire: Hand crossbow     |     7 |    24 |    33 |       ||    64
Evoke: Wand              |       |       |     7 |     6 ||    13
  Use: Scroll            |     2 |     5 |     9 |     3 ||    19
       Potion            |       |       |     1 |     6 ||     7
 Stab: Invisible         |       |       |       |     8 ||     8
  Eat: Chunk             |       |       |    10 |       ||    10
Armor: Leather armour    |     6 |     9 |       |       ||    15
       Scale mail        |       |    17 |    96 |    50 ||   163
       Chain mail        |       |       |    61 |       ||    61
       Skin              |       |       |     6 |       ||     6
Dodge: Dodged            |     9 |    47 |   131 |    83 ||   270

Table legend:
 A = Turns spent in this place as a percentage of turns spent in the entire game.
 B = Non-inter-level travel turns spent in this place as a percentage of non-inter-level travel turns spent in the entire game.
 C = Inter-level travel turns spent in this place as a percentage of turns spent in this place.
 D = Turns resting spent in this place as a percentage of non-inter-level travel turns spent in this place.
 E = Turns spent auto-exploring this place as a percentage of non-inter-level travel turns spent in this place.
 F = Non-inter-level travel turns spent in this place divided by the number of levels of this place that you've seen.
                   A       B       C       D       E      F
               +-------+-------+-------+-------+-------+----------------------
         Total | 100.0 | 100.0 |  11.6 |   0.7 |   0.8 | 465.8
       Dungeon |  99.4 |  99.3 |  11.7 |   0.7 |   0.8 | 514.0
        Temple |   0.6 |   0.7 |   0.0 |   0.0 |   0.0 |  32.0
               +-------+-------+-------+-------+-------+----------------------

Table legend:
 A = Kills in this place as a percentage of kills in entire the game.
 B = Kills by you in this place as a percentage of kills by you in the entire game.
 C = Kills by friends in this place as a percentage of kills by friends in the entire game.
 D = Other kills in this place as a percentage of other kills in the entire game.
 E = Experience gained in this place as a percentage of experience gained in the entire game.
 F = Experience gained in this place divided by the number of levels of this place that you have seen.
                   A       B       C       D       E      F
               +-------+-------+-------+-------+-------+----------------------
         Total | 100.0 | 100.0 |   N/A |   N/A | 100.0 | 869.1
       Dungeon | 100.0 | 100.0 |   N/A |   N/A | 100.0 | 965.7
               +-------+-------+-------+-------+-------+----------------------

Vault maps used:
D:1:      dpeg_arrival_ternary
D:2:      tso_metal_star, overflow_temple_1_default, first_ration,
          kennysheep_generic_room_10
D:3:      nicolae_ru_the_path_less_chosen, kennysheep_crisscross,
          nicolae_qazlal_style_of_elements, uniq_robin
D:4:      kennysheep_spiral_hall, led_sif_book, makhleb_heckhound_becter,
          serial_shops, shop, st_stairs_8, uniq_natasha
D:5:      serial_column_ruins, column_ruins_hut, column_ruins_hut_pillars,
          column_ruins_grid_1, column_ruins_open_tiny,
          column_ruins_columns_straight, column_ruins_grid_1,
          column_ruins_open_small
D:6:      minmay_temple_entry_butterflies, serial_shops, shop, uniq_sigmund,
          uniq_crazy_yiuf_cottage
D:7:      grunt_temple_overflow_gold_and_silver,
          nemelex_xobeh_ov_fountains_minmay
D:8:      gammafunk_temple_overflow_statue, basic_altar, the_bakery
D:9:      minmay_separated_statues, grunt_dithmenos_smoke_and_mirrors,
          kennysheep_mini_moat, minivault_28
Temple:   eino_temple_lava
